 Dungeon Crawl Stone Soup version 0.12.2-14-g7c90c79 (webtiles) character file.

136 MarVin the Covered (level 3, -3/30 HPs)
             Began as a Demonspawn Fighter on Aug 4, 2013.
             Slain by a gnoll
             ... wielding a +0,+0 halberd
              (9 damage)
             ... on Level 2 of the Dungeon.
             The game lasted 00:11:00 (1841 turns).

MarVin the Covered (Demonspawn Fighter)             Turns: 1841, Time: 00:11:00

HP  -3/30        AC  7     Str 17      XL: 3   Next: 71%
MP   2/2         EV  5     Int  9      God:
Gold 80          SH 18     Dex 12      Spells:  0 memorised,  2 levels left

Res.Fire  : . . .   See Invis. : .   a - +0 hand axe {=f}
Res.Cold  : . . .   Warding    : .   b - +0 scale mail
Life Prot.: . . .   Conserve   : .   c - +0 shield
Res.Poison: .       Res.Corr.  : .   l - +0 cap
Res.Elec. : .       Clarity    : .   (no cloak)
Sust.Abil.: . .     Spirit.Shd : .   (no gloves)
Res.Mut.  : .       Stasis     : .   (no boots)
Res.Rott. : .       Ctrl.Telep.: .   (no amulet)
Saprovore : . . .   Flight     : .   (no ring)
                                     (no ring)

@: not resistant to hostile enchantments, extremely unstealthy
A: AC +1
a: no special abilities


You were on level 2 of the Dungeon.
You were hungry.

You visited 1 branch of the dungeon, and saw 2 of its levels.

You collected 60 gold pieces.

Inventory:

Hand weapons
 a - a +0,+0 hand axe (weapon) {=f}
 r - a +0,+2 dagger of speed
Missiles
 h - 8 poisoned needles
 o - 4 javelins (quivered)
Armour
 b - a +0 scale mail (worn)
 c - a +0 shield (worn)
 l - a +0 cap (worn)
Comestibles
 d - 2 bread rations
 p - a snozzcumber
 t - a meat ration
Scrolls
 f - 2 scrolls of blinking {unknown}
 g - a scroll of fear {unknown}
 i - a scroll of remove curse {unknown}
 m - 2 scrolls of noise {unknown}
 q - 2 scrolls of amnesia {unknown}
 v - a scroll of identify {unknown}
Jewellery
 k - an uncursed ring of see invisible {unknown}
Potions
 e - a potion of restore abilities {unknown}
 j - a potion of curing {unknown}
 n - a potion of degeneration {unknown}
 u - 2 potions of speed {unknown}


   Skills:
 - Level 3.0 Fighting
 + Level 2.7 Axes
 - Level 3.4 Armour
 - Level 3.0 Shields


You had 2 spell levels left.
You didn't know any spells.

Dungeon Overview and Level Annotations

Branches:
Dungeon (2/27)

Altars:


Innate Abilities, Weirdness & Mutations

You are partially covered in rugged brown scales (AC +1, +3% HP).


Message History

The gnoll is severely wounded.
The gnoll barely misses you.
You hit the gnoll.
You kill the gnoll!
The gnoll picks up a halberd.
The gnoll wields a halberd.
Your scale mail prevents you from hitting the gnoll.
The gnoll picks up an orcish club.
You barely miss the gnoll. The gnoll completely misses you.
Your scale mail prevents you from hitting the gnoll.
The gnoll hits you with a halberd!
You closely miss the gnoll. You block the gnoll's attack.
You barely miss the gnoll. You block the gnoll's attack.
You hit the gnoll.
The gnoll is lightly wounded.
The gnoll hits you with a halberd.
* * * LOW HITPOINT WARNING * * *
Your shield and scale mail prevent you from hitting the gnoll.
The gnoll is lightly wounded.
The gnoll hits you with a halberd!
You die...

### #.############ ..#
#.....#....... # ## #.#
#.###.#.###### . . #.# #.###.#.#
# #.#.# #.#...#.# #
#.#.#########.#.###.#
########...........#.......#
......####.#######.###.#########
###........##..g@#.#...........#
..#.#.##.#.##.####.#.#.#######.#
#.#.#..........# #.#.#.# #.#.##
###.##.#.#.#.#.# #.#.#.# ###.#...
....##....g....###.#.#.###...#...
.......#.#.#.#.......#.#.........
...............###...#.#.#.#.#...
.......#.#.#.#.......#...#.#.#.##
............................)....


You could see a gnoll.

Vanquished Creatures
  2 gnolls
  9 bats
  2 giant cockroaches
  5 goblins
  3 hobgoblins (D:2)
  4 jackals (D:2)
  A quokka (D:2)
  A giant newt (D:2)
  2 kobolds
  6 rats
35 creatures vanquished.

Notes
Turn   | Place    | Note
--------------------------------------------------------------
     0 | D:1      | MarVin, the Demonspawn Fighter, began the quest for the Orb.
     0 | D:1      | Reached XP level 1. HP: 18/18 MP: 0/0
   195 | D:1      | Reached XP level 2. HP: 24/24 MP: 1/1
  1239 | D:2      | Gained mutation: You are partially covered in rugged brown scales (AC +1, +3% HP). [demonic ancestry]
  1239 | D:2      | Reached XP level 3. HP: 24/30 MP: 2/2
  1841 | D:2      | Slain by a gnoll

Action                   || total
-------------------------++-------
Melee: Hand axe          ||   180
